AoeStats
← aradia.urania

Fortress

510664950Analyzed
1v1 RM · 18h ago on Oct 2, 2026· 38m 10s· 2 players
Game mode
Random Map
Map size
Small (3 player)
Population
200
Speed
Normal
Resources
Standard
Victory
Conquest
Starting age
Dark Age
Ending age
Imperial Age
RankedLock teamsTeams togetherTeam positionsShared explorationLock speedFull tech treeHidden civsTurbo modeCheats
Victory
Defeat
🇺🇸 Persians · United States
986
+15
🇨🇱 Mongols · Chile
972
-15
aradia.urania
10:19 Feudal Age
10:55 Loom
11:10 Gold Mining
11:12 Double-Bit Axe
11:10 Horse Collar
12:40 Wheelbarrow
13:20 Fletching
15:37 Castle Age
13:53 Padded Archer Armor
15:21 Forging
16:42 Husbandry
18:14 Bloodlines
19:54 Loom
23:07 Imperial Age
21:53 Ballistics
22:42 Bodkin Arrow
23:44 Town Watch
24:27 Leather Archer Armor
25:07 Conscription
25:49 Gold Shaft Mining
25:41 Bow Saw
27:23 Hand Cart
30:48 Chemistry
30:53 Bracer
32:00 Siege Engineers
33:27 Scale Barding Armor
34:18 Iron Casting
36:32 Town Patrol
37:02 Chain Barding Armor
37:13 Elite Steppe Lancer
ElPeregil1588
5:09 Loom
8:11 Feudal Age
8:36 Horse Collar
9:22 Double-Bit Axe
14:25 Castle Age
13:09 Gold Mining
15:21 Husbandry
17:45 Elite Skirmisher
26:47 Imperial Age
24:38 Padded Archer Armor
24:30 Fletching
26:14 Bow Saw
26:32 Kamandaran
28:09 Chemistry
27:28 Crossbowman
28:57 Heavy Plow
29:00 Heavy Camel Rider
29:41 Bodkin Arrow
30:01 Leather Archer Armor
31:42 Wheelbarrow
31:56 Forging
31:52 Scale Barding Armor
32:03 Leather Archer Armor
32:30 Town Watch
33:07 Thumb Ring
34:23 Chain Barding Armor
34:40 Iron Casting
35:06 Murder Holes
37:48 Ballistics
37:19 Heated Shot
37:09 Light Cavalry
38:53 Blast Furnace
Connection lost

Rejoining the realm…

Still unreachable

The connection could not be restored.

Session expired

The server has moved on; the page needs a fresh start.